 Dungeon Crawl Stone Soup version 0.19.1-1-g22dce08 (webtiles) character file.

7125 theAP the Basher (level 11, -4/72 HPs)
             Began as a Gargoyle Fighter on Jan 5, 2017.
             Was a High Priest of Uskayaw.
             Slain by Grum
             ... wielding a -2 halberd of freezing
              (11 damage)
             ... on level 10 of the Dungeon.
             The game lasted 00:23:44 (6798 turns).

theAP the Basher (Gargoyle Fighter)                 Turns: 6798, Time: 00:23:45

Health: -4/72      AC: 22    Str: 28    XL:     11   Next: 10%
Magic:  22/24      EV:  5    Int:  9    God:    Uskayaw [*****.]
Gold:   418        SH: 15    Dex:  9    Spells: 0 memorised, 10 levels left

rFire  . . .     SeeInvis .     l - +2 whip (elec)
rCold  . . .     Gourm    .     E - +0 plate armour
rNeg   + . .     Faith    .     c - +0 shield
rPois  ∞         Spirit   .     (no helmet)
rElec  +         Reflect  +     y - +0 cloak
rCorr  +         Harm     .     A - +0 pair of gloves
MR     .....                    B - +0 pair of boots
Stlth  ..........               n - +4 amulet of reflection
                                k - ring of magical power
                                i - ring of resist corrosion

@: mighty
A: negative energy resistance 1, electricity resistance, unbreathing,
petrification resistance, rot immunity, AC +7
a: Stomp, Line Pass, Grand Finale, Renounce Religion


You were on level 10 of the Dungeon.
You worshipped Uskayaw.
Uskayaw was noncommittal.
You were very hungry.

You visited 2 branches of the dungeon, and saw 11 of its levels.

You collected 418 gold pieces.

Inventory:

Hand Weapons
 a - a +0 flail
 l - a +2 whip of electrocution (weapon)
 p - the +12 trident "Kielivua" {freeze, rPois Int+4}
   (You found it on level 4 of the Dungeon)

   It has been specially enchanted to freeze those struck by it, causing extra
   injury to most foes and up to half again as much damage against particularly
   susceptible opponents.
   It can also slow down cold-blooded creatures.
   It affects your intelligence (+4).
   It protects you from poison.
 w - a +0 whip of electrocution
Armour
 b - a +0 scale mail
 c - a +0 shield (worn)
 y - a +0 cloak (worn)
 A - a +0 pair of gloves (worn)
 B - a +0 pair of boots (worn)
 E - a +0 plate armour (worn)
Jewellery
 i - a ring of resist corrosion (left hand)
 j - an uncursed ring of loudness
 k - a ring of magical power (right hand)
 n - a +4 amulet of reflection (around neck)
Wands
 v - a wand of enslavement (12/24)
 D - a wand of random effects (32/48)
 G - a wand of teleportation (3/9)
Scrolls
 e - 4 scrolls of remove curse
 o - 2 scrolls of recharging
 s - 6 scrolls of identify
 x - 2 scrolls of teleportation
 z - a scroll of fear
Potions
 m - 2 potions of lignification
 q - a potion of magic
 r - a potion of resistance
 u - a potion of cure mutation
 C - 2 potions of haste {unknown}
 H - a potion of brilliance {unknown}
Books
 t - a book of Misfortune

   Spells                             Type                      Level
   a - Confusing Touch                Hexes                        1
   b - Confuse                        Hexes                        3
   c - Gell's Gravitas                Hexes/Translocation          3
   d - Petrify                        Transmutation/Earth          4
   e - Metabolic Englaciation         Hexes/Ice                    5
   f - Yara's Violent Unravelling     Hexes/Transmutation          5
Comestibles
 f - 9 bread rations
 g - 8 meat rations
 h - 5 beef jerkies
 F - 2 slices of pizza
 K - 4 fruits


   Skills:
 + Level 10.0 Fighting
 * Level 11.0 Maces & Flails
 - Level 3.3 Polearms
 - Level 3.5 Armour
 - Level 7.7 Shields
 + Level 5.8 Invocations


You had 10 spell levels left.
You didn't know any spells.

Dungeon Overview and Level Annotations

Branches:
Dungeon (10/15)            Temple (1/1) D:7             Orc (0/2) D:9
   Lair: D:8-11

Altars:
Ashenzari
Cheibriados
Dithmenos
Elyvilon
Fedhas
Gozag
Hepliaklqana
Kikubaaqudgha
Makhleb
Nemelex Xobeh
Okawaru
Qazlal
Ru
Sif Muna
Trog
Uskayaw
Vehumet
Xom
Yredelemnul
Zin
The Shining One

Shops:
D:5 ?

Annotations:
D:10 Grum, Urug


Innate Abilities, Weirdness & Mutations

You are resistant to torment.
Your stone body is resilient. (AC +7)
You are immune to poison.
You resist negative energy. (rN+)
You are resistant to electric shocks. (rElec)
You can survive without breathing.
You are immune to petrification.
You are immune to rotting.


Message History

You kill the wolf!
There is a sudden explosion of sparks!
Urug is severely wounded.
Urug says, "They call me one-eyed Urug.
When I'm done with you they'll have to call you no-head theAP."
You block Urug's attack.
You can now merge with and destroy a victim.
Okay, then.
You hit Urug.
Urug is severely wounded.
Grum hits you from afar with a halberd of freezing!
* * * LOW HITPOINT WARNING * * *
Grum freezes you.
* * * LOW HITPOINT WARNING * * *
You closely miss Urug.
Urug is severely wounded.
Urug hits you but does no damage.
You barely miss Urug.
Urug is severely wounded.
Grum hits you from afar with a halberd of freezing!
You die...

#..........# #.
#..........# ..#
#..........# #.#
#..........# #.#
#..........### #.#
#............. #.#
#..††......#
#.#####..........#
#....>>...go@....#
#.##############.#
#.# # #.# #.# #.#
#####.###### #
.............
####.########


You could see Urug and Grum.

Vanquished Creatures
  The ghost of Yoshimo the Destroyer, a novice DgCj (D:9)
  Pikel (D:5)
  Maurice (D:9)
  Psyche (D:9)
  2 hippogriffs
  Sigmund (D:2)
  2 hungry ghosts (D:9)
  9 yaks (D:9)
  A water moccasin (D:6)
  2 ice beasts
  2 sky beasts
  2 slaves (D:5)
  A black bear (D:7)
  2 phantoms
  4 wolves (D:10)
  A centaur (D:8)
  4 ogres
  3 bullfrogs
  A gnoll sergeant (D:9)
  A scorpion (D:9)
  2 troll zombies (D:9)
  5 killer bees (D:9)
  3 howler monkeys (D:9)
  4 crimson imps
  5 hounds
  A centaur skeleton (D:6)
  An orc priest (D:8)
  5 jellies
  4 orc wizards
  Jessica (D:2)
  An iguana (D:4)
  A worker ant (D:4)
  Natasha (thrice) (D:2)
  A hell rat (D:7)
  A killer bee zombie (D:5)
  6 ogre zombies (D:9)
  A hound zombie (D:5)
  A hound skeleton (D:6)
  6 gnolls
  5 adders
  11 river rats
  2 oozes
  A worm (D:4)
  2 dart slugs
  10 leopard geckos
  10 orcs
  A giant cockroach (D:4)
  5 goblins
  5 hobgoblins
  4 jackals
  A ball python (D:4)
  6 bats
  6 frilled lizards
  A goblin skeleton (D:9)
  4 goblin zombies (D:9)
  A hobgoblin skeleton (D:9)
  A hobgoblin zombie (D:9)
  A jackal skeleton (D:4)
  8 kobolds
  A leopard gecko skeleton (D:5)
  2 orc skeletons (D:9)
  14 orc zombies (D:9)
  A quokka zombie (D:8)
  30 rats
227 creatures vanquished.

Vanquished Creatures (others)
  A jelly (D:5)
  A hound skeleton (D:5)
  2 orcs
  A giant cockroach (D:5)
  2 orc zombies (D:9)
7 creatures vanquished.

Grand Total: 234 creatures vanquished

Notes
Turn   | Place    | Note
-------+----------+-------------------------------------------
     0 | D:1      | theAP the Gargoyle Fighter began the quest for the Orb.
     0 | D:1      | Reached XP level 1. HP: 14/14 MP: 1/1
   142 | D:1      | Reached XP level 2. HP: 19/19 MP: 2/2
   836 | D:2      | Noticed Jessica
   840 | D:2      | Killed Jessica
   840 | D:2      | Reached XP level 3. HP: 24/24 MP: 3/3
   972 | D:2      | Noticed Sigmund
   978 | D:2      | Killed Sigmund
   978 | D:2      | Reached skill level 3 in Maces & Flails
   978 | D:2      | Reached XP level 4. HP: 30/30 MP: 4/4
   978 | D:2      | Reached XP level 5. HP: 34/34 MP: 5/5
  1000 | D:2      | Noticed Natasha
  1005 | D:2      | Killed Natasha
  1005 | D:2      | Reached skill level 4 in Maces & Flails
  1030 | D:2      | Noticed Natasha
  1036 | D:2      | Killed Natasha
  1036 | D:2      | Reached XP level 6. HP: 38/39 MP: 6/6
  1140 | D:2      | Noticed Natasha
  1144 | D:2      | Killed Natasha
  1211 | D:2      | Reached skill level 5 in Fighting
  2382 | D:4      | Got a bloodstained trident
  2383 | D:4      | Identified the +12 trident "Kielivua" {freeze, rPois Int+4} (You found it on level 4 of the Dungeon)
  2444 | D:4      | Reached skill level 1 in Polearms
  2515 | D:4      | Reached skill level 5 in Shields
  2515 | D:4      | Reached XP level 7. HP: 40/44 MP: 7/7
  2742 | D:5      | Entered Level 5 of the Dungeon
  2829 | D:5      | Noticed Pikel
  2840 | D:5      | Killed Pikel
  2840 | D:5      | Reached XP level 8. HP: 42/52 MP: 8/8
  3108 | D:5      | Found Ejan's Magic Scroll Boutique.
  3202 | D:5      | Reached skill level 5 in Maces & Flails
  3778 | D:6      | Reached skill level 6 in Maces & Flails
  4158 | D:7      | Reached XP level 9. HP: 47/57 MP: 9/9
  4198 | D:7      | Found a white marble altar of Elyvilon.
  4325 | D:7      | Reached skill level 7 in Maces & Flails
  4427 | D:7      | Found a staircase to the Ecumenical Temple.
  4442 | Temple   | Entered the Ecumenical Temple
  4587 | Temple   | Became a worshipper of Uskayaw the Reveler
  4729 | D:7      | Reached * piety under Uskayaw
  4732 | D:7      | Reached ** piety under Uskayaw
  4746 | D:7      | Reached *** piety under Uskayaw
  4750 | D:7      | Reached **** piety under Uskayaw
  4758 | D:7      | Reached ***** piety under Uskayaw
  4779 | D:7      | Reached ****** piety under Uskayaw
  4902 | D:7      | You fall through a shaft!
  4968 | D:8      | Found a sparkling altar of Nemelex Xobeh.
  5618 | D:9      | Noticed Yoshimo's ghost (novice DgCj)
  5621 | D:9      | Noticed Maurice
  5627 | D:9      | Reached skill level 1 in Invocations
  5635 | D:9      | Reached skill level 8 in Maces & Flails
  5659 | D:9      | Found a staircase to the Orcish Mines.
  5735 | D:9      | Killed Yoshimo's ghost
  5735 | D:9      | Reached skill level 9 in Maces & Flails
  5735 | D:9      | Reached XP level 10. HP: 21/65 MP: 12/12
  5750 | D:9      | Killed Maurice
  5923 | D:9      | Noticed Psyche
  5944 | D:9      | Killed Psyche
  5987 | D:9      | Reached skill level 10 in Maces & Flails
  6007 | D:9      | Reached skill level 5 in Invocations
  6233 | D:9      | Found a deep blue altar of Sif Muna.
  6441 | D:9      | Reached XP level 11. HP: 72/72 MP: 15/15
  6461 | D:10     | Entered Level 10 of the Dungeon
  6464 | D:10     | Noticed a hill giant
  6756 | D:10     | Noticed Urug
  6757 | D:10     | Noticed Grum
  6765 | D:10     | Reached skill level 10 in Fighting
  6794 | D:10     | Reached skill level 11 in Maces & Flails
  6798 | D:10     | Slain by Grum

Skill      XL: |  1  2  3  4  5  6  7  8  9 10 11 |
---------------+----------------------------------+-----
Fighting       | 4 5 6 7 8 9 10 | 10.0
Maces & Flails | 3 4 6 9 10 11 | 11.0
Shields        | 4 5 6 7 |  7.7
Polearms       | 1 3 |  3.3
Invocations    | 3 5 |  5.8
Armour         | |  3.5

Action                   |  1- 3 |  4- 6 |  7- 9 | 10-12 || total
-------------------------+-------+-------+-------+-------++-------
Melee: Flail             |    80 |       |    18 |       ||    98
       Whip              |     7 |   102 |   371 |   212 ||   692
       Trident           |       |    19 |    26 |       ||    45
Invok: Line Pass         |       |       |     2 |     1 ||     3
       Stomp             |       |       |     1 |       ||     1
       Grand Finale      |       |       |       |     1 ||     1
  Use: Scroll            |       |     6 |     6 |       ||    12
       Potion            |       |       |     2 |     2 ||     4
 Stab: Paralysed         |       |       |    11 |    10 ||    21
  Eat: Chunk             |       |     5 |     4 |     3 ||    12
       Fruit             |       |       |     3 |       ||     3
       Beef jerky        |       |       |     3 |     1 ||     4
       Pizza             |       |       |     2 |       ||     2
       Meat ration       |       |       |     1 |       ||     1
Armor: Scale mail        |    47 |    35 |    46 |       ||   128
       Plate armour      |       |       |   115 |   103 ||   218
Dodge: Dodged            |    22 |    17 |    56 |    20 ||   115
Block: Shield            |    37 |    68 |   238 |   135 ||   478
       Reflection        |       |     8 |     5 |     1 ||    14
